 Dungeon Crawl Stone Soup version 0.16-a0-3303-g3c4fcab (webtiles) character file.

277 myeffort the Gusty (level 6, 0/32 HPs)
             Began as a Tengu Air Elementalist on Dec 25, 2014.
             Succumbed to a worker ant's poison
             ... on level 4 of the Dungeon.
             The game lasted 00:14:26 (2026 turns).

myeffort the Gusty (Tengu Air Elementalist)         Turns: 2026, Time: 00:14:26

Health: 0/32       AC:  3    Str: 11    XL:     6   Next: 25%
Magic:  9/14       EV: 12    Int: 17    God:
Gold:   85         SH:  0    Dex: 14    Spells: 3 memorised, 6 levels left

rFire  . . .     SeeInvis .     d - +3 short sword
rCold  . . .     Clarity  .     a - +0 robe
rNeg   . . .     SustAb   .     (no shield)
rPois  .         Gourm    .     (helmet restricted)
rElec  .         Spirit   .     (no cloak)
rCorr  .         Warding  .     (no gloves)
rMut   .         Stasis   .     (boots unavailable)
MR     .....                    (no amulet)
Stlth  ++........               (no ring)
                                (no ring)

@: lethally poisoned, not resistant to hostile enchantments, unstealthy
A: able to fly, beak, talons 3, icy blue scales 1, screaming 2, strong 1,
forlorn
a: Fly


You were on level 4 of the Dungeon.
You were very hungry.

You visited 1 branch of the dungeon, and saw 4 of its levels.

You collected 85 gold pieces.

Inventory:

Hand weapons
 d - a +3 short sword (weapon)
 f - a +0 blowgun
Missiles
 n - 18 poisoned needles
Armour
 a - a +0 robe (worn)
Jewellery
 o - an uncursed amulet of stasis {unknown}
Magical devices
 k - a wand of frost (29)
Scrolls
 e - 2 scrolls of remove curse {unknown}
 g - a scroll of teleportation {unknown}
 j - 3 scrolls of identify {unknown}
 m - 2 scrolls of fear {unknown}
 q - a scroll of enchant weapon {unknown}
Books
 b - a book of Air

   Spells                             Type                      Level
   a - Shock                          Conjuration/Air              1
   b - Swiftness                      Charms/Air                   2
   c - Repel Missiles                 Charms/Air                   2
   d - Flight                         Charms/Air                   3
   e - Static Discharge               Conjuration/Air              3
   f - Lightning Bolt                 Conjuration/Air              5
Comestibles
 c - a bread ration
 h - 2 meat rations
 i - a beef jerky
 l - 5 fruits


   Skills:
 - Level 2.1 Dodging
 - Level 2.0 Stealth
 - Level 3.0 Spellcasting
 + Level 5.3 Conjurations
 + Level 6.4 Air Magic


You had 6 spell levels left.
You knew the following spells:

 Your Spells              Type           Power        Failure   Level  Hunger
a - Shock                 Conj/Air       ###.         1%          1    None
b - Repel Missiles        Chrm/Air       ##....       10%         2    ##.....
c - Swiftness             Chrm/Air       ##......     10%         2    ##.....


Dungeon Overview and Level Annotations

Branches:
Dungeon (4/15)
 Temple: D:4-7

Altars:
Cheibriados
Qazlal
Vehumet

Annotations:
D:3 Ijyb


Innate Abilities, Weirdness & Mutations

You can fly.
You have a beak for a mouth.
You have claws for feet.
You are partially covered in icy blue scales (AC +1).
You sometimes yell uncontrollably at your foes.
Your muscles are strong. (Str +2)
You have difficulty communicating with the divine.


Message History

It was a potion of restore abilities.
You feel refreshed.
* * * LOW HITPOINT WARNING * * *
You feel sick.
* * * LOW HITPOINT WARNING * * *
You feel sick.
* * * LOW HITPOINT WARNING * * *
You feel sick.
There is a stone staircase leading up here.
A goblin comes into view. It is wielding a club.
* * * LOW HITPOINT WARNING * * *
You feel sick.
You see here a worker ant corpse.
You butcher the worker ant corpse.
You see here a chunk of flesh.
* * * LOW HITPOINT WARNING * * *
You feel sick.
* * * LOW HITPOINT WARNING * * *
You feel sick.
There is a stone staircase leading up here.
You die...

#.#..## ##.....##.
# ###..........
..#............
......#........
#............
##...........
###............
...###...@.........
........%..........
.........>.........
.................
.....##.........
..... ..#...... ...
...####.. . #..# #
##$.


There were no monsters in sight!

Vanquished Creatures
  Sigmund (D:2)
  2 orc priests (D:3)
  A worker ant (D:4)
  Robin (D:3)
  3 adders
  3 worms
  A giant gecko (D:1)
  2 oozes
  2 orcs (D:3)
  A ball python (D:2)
  4 bats
  7 hobgoblins
  3 jackals (D:1)
  A quokka (D:2)
  2 giant cockroaches (D:2)
  3 giant newts
  16 goblins
  5 kobolds
  A rat (D:1)
59 creatures vanquished.

Notes
Turn   | Place    | Note
--------------------------------------------------------------
     0 | D:1      | myeffort, the Tengu Air Elementalist, began the quest for the Orb.
     0 | D:1      | Reached XP level 1. HP: 10/10 MP: 3/3
   272 | D:1      | Reached XP level 2. HP: 15/15 MP: 3/5
   617 | D:2      | Learned a level 2 spell: Repel Missiles
   626 | D:2      | Learned a level 2 spell: Swiftness
   678 | D:2      | Reached XP level 3. HP: 6/19 MP: 0/7
   789 | D:2      | Noticed Sigmund
   795 | D:2      | Killed Sigmund
   795 | D:2      | Reached skill level 5 in Air Magic
   795 | D:2      | Reached XP level 4. HP: 12/24 MP: 1/9
  1120 | D:2      | Reached XP level 5. HP: 28/28 MP: 6/12
  1468 | D:3      | Noticed Robin
  1487 | D:3      | Killed Robin
  1641 | D:3      | Gained mutation: You are partially covered in icy blue scales (AC +1). [potion of mutation]
  1641 | D:3      | Gained mutation: You occasionally shout uncontrollably at your foes. [potion of mutation]
  1656 | D:3      | Found a stormy altar of Qazlal.
  1656 | D:3      | Found a radiant altar of Vehumet.
  1657 | D:3      | Found a snail-covered altar of Cheibriados.
  1657 | D:3      | Noticed Ijyb
  1677 | D:3      | Gained mutation: You have difficulty communicating with the divine. [potion of mutation]
  1677 | D:3      | Gained mutation: You sometimes yell uncontrollably at your foes. [potion of mutation]
  1677 | D:3      | Gained mutation: Your muscles are strong. (Str +2) [potion of mutation]
  1737 | D:3      | Reached skill level 6 in Air Magic
  1804 | D:3      | Reached skill level 5 in Conjurations
  1804 | D:3      | Reached XP level 6. HP: 32/32 MP: 9/14
  2025 | D:4      | HP: 1/32 [poisoned by a worker ant]
  2026 | D:4      | Succumbed to a worker ant's poison

Action                   |  1- 3 |  4- 6 || total
-------------------------+-------+-------++-------
Melee: Short sword       |    15 |    18 ||    33
       Unarmed           |     2 |       ||     2
 Cast: Shock             |    34 |    67 ||   101
  Use: Potion            |       |     6 ||     6
  Eat: Chunk             |       |     3 ||     3
